 Dungeon Crawl Stone Soup version 0.26-a0-720-g2a1d101370 (webtiles) character file.

Game seed: 3485922880120460655

147 Radmirchik the Poker (level 5, -6/48 HPs)
             Began as a Minotaur Berserker on Nov 3, 2020.
             Was a Believer of Trog.
             Mangled by a gnoll
             ... wielding a +2 halberd of venom
              (13 damage)
             ... on level 3 of the Dungeon.
             The game lasted 00:08:45 (2137 turns).

Radmirchik the Poker (Minotaur Berserker)           Turns: 2137, Time: 00:08:45

Health: -6/48      AC:  3    Str: 23    XL:     5   Next: 7%
Magic:  4/4        EV: 12    Int:  4    God:    Trog [**....]
Gold:   197        SH:  0    Dex:  9    Spells: 4/4 levels left

rFire    . . .     SeeInvis .   a - +0 spear
rCold    . . .     Faith    .   (no shield)
rNeg     . . .     Spirit   .   i - +0 leather armour
rPois    .         Reflect  .   (helmet restricted)
rElec    .         Harm     .   (no cloak)
rCorr    .         Rampage  .   (no gloves)
MR       .....                  (no boots)
Stlth    +.........             (no amulet)
HPRegen  0.16/turn              (no ring)
MPRegen  0.09/turn              (no ring)

@: lethally poisoned (-6 -> -13), berserk cooldown, slowed, very slow
A: retaliatory headbutt, horns 2
a: Berserk, Trog's Hand, Renounce Religion


You were on level 3 of the Dungeon.
You worshipped Trog.
Trog was pleased with you.
You visited 1 branch of the dungeon, and saw 3 of its levels.

You collected 197 gold pieces.

Inventory:

Hand Weapons
 a - a +0 spear (weapon)
 h - a +2 short sword of electrocution
Missiles
 p - a throwing net (quivered)
Armour
 b - a +0 animal skin
 i - a +0 leather armour (worn)
Jewellery
 o - an uncursed amulet of magic regeneration {unknown}
Scrolls
 c - 5 scrolls of random uselessness {unknown}
 g - a scroll of fog {unknown}
 k - 3 scrolls of teleportation {unknown}
 n - 2 scrolls of remove curse {unknown}
 q - a scroll of enchant armour {unknown}
 r - a scroll of identify {unknown}
Potions
 d - 3 potions of might {unknown}
 e - 2 potions of degeneration {unknown}
 f - a potion of curing
 j - a potion of lignification {unknown}
 l - a potion of resistance {unknown}
 m - 2 potions of stabbing {unknown}


   Skills:
 * Level 5.2 Fighting
 * Level 5.2 Polearms
 + Level 3.5 Armour
 - Level 2.1 Dodging


You had 4 spell levels left.
You didn't know any spells.
Your spell library was empty.

Dungeon Overview and Level Annotations

Branches:
Dungeon (3/15)

Altars:
Okawaru
Yredelemnul


Innate Abilities, Weirdness & Mutations

You reflexively headbutt those who attack you in melee.
You have a pair of horns on your head.


Message History

A gnoll comes into view. It is wielding a +0 halberd.
You feel your anger nearly subside.
You are no longer berserk.
You are exhausted.
You feel yourself slow down. The gnoll closely misses you.
Items here: )) ††.
The gnoll misses you.
The gnoll hits you from afar with a +2 halberd of venom!
The gnoll hits you from afar with a +2 halberd of venom!
* * * LOW HITPOINT WARNING * * *
The gnoll barely misses you.
The gnoll hits you from afar with a +2 halberd of venom.
* * * LOW HITPOINT WARNING * * *
You are lethally poisoned!
* * * LOW HITPOINT WARNING * * *
You feel sick.
* * * LOW HITPOINT WARNING * * *
You feel sick.
The gnoll hits you from afar with a +2 halberd of venom!
You die...

.......#.#.# ..#
#.#..^.....# #.#
#.###..#.### #.# #.#
#..#.# # #.#
#.###..#<###
#.##.#####.......)...
#........).g.#.......
####.#######.........
#@# #.g......#
#.########.......#
#.g.g.........#..#
#############....#
###.#.## #.....##
###.###.## #>..# #.##
#.#.###.##


You could see a gnoll.

Vanquished Creatures
  2 gnolls (D:3)
  4 adders
  An ooze (D:2)
  A worm (D:2)
  2 dart slugs (D:1)
  A leopard gecko (D:2)
  3 orcs (D:3)
  5 giant cockroaches
  10 goblins
  6 hobgoblins
  9 jackals
  5 kobolds
  2 quokkas (D:3)
  2 ball pythons
  8 bats
  5 frilled lizards
  3 rats (D:3)
69 creatures vanquished.

Notes
Turn   | Place    | Note
-------+----------+-------------------------------------------
     0 | D:1      | Radmirchik the Minotaur Berserker began the quest for the
                  | Orb.
     0 | D:1      | Reached XP level 1. HP: 19/19 MP: 0/0
   195 | D:1      | Reached XP level 2. HP: 27/27 MP: 1/1
   515 | D:1      | Reached XP level 3. HP: 33/33 MP: 2/2
  1212 | D:2      | Found a basalt altar of Yredelemnul.
  1219 | D:2      | Reached XP level 4. HP: 39/41 MP: 3/3
  1246 | D:2      | Reached ** piety under Trog
  1314 | D:2      | Found an iron altar of Okawaru.
  1735 | D:3      | Reached skill level 5 in Fighting
  1735 | D:3      | Reached skill level 5 in Polearms
  2117 | D:3      | Reached XP level 5. HP: 36/48 MP: 4/4
  2137 | D:3      | Mangled by a gnoll

Illustrated notes

Levels and vault maps discovered:
D:1:      wander_arrival_lonely_grave, layout_loops_corners,
          minmay_misc_feat_cross
D:2:      layout_basic, okawaru_metal_pillars_3, nicolae_overflow_crystal_walls
D:3:      layout_loops_ring, overflow_temple_1_default

Skill      XL: |  1  2  3  4 |
---------------+-------------+-----
Fighting       | 4 5 |  5.2
Polearms       | 4 5 |  5.2
Armour         | 3 |  3.5
Dodging        | |  2.1

Action                   |  1- 3 |  4- 6 || total
-------------------------+-------+-------++-------
Melee: Spear             |    78 |    83 ||   161
       Headbutt          |     9 |    13 ||    22
Invok: Berserk           |       |     1 ||     1
  Use: Potion            |     1 |       ||     1
Armor: Animal skin       |     2 |       ||     2
       Leather armour    |     9 |    15 ||    24
Dodge: Dodged            |    34 |    28 ||    62

Table legend: (Time is in decaauts)
 A = Elapsed time spent in this place.
 B = Non-inter-level travel time spent in this place.
 C = Inter-level travel time spent in this place.
 D = Time resting spent in this place.
 E = Time spent auto-exploring this place.
 F = Levels seen in this place.
 G = Mean time per level.
                   A        B        C        D        E       F      G
               +--------+--------+--------+--------+--------+-----+--------+
         Total |   2122 |   2050 |     72 |      0 |   1732 |   3 |  707.3 |
       Dungeon |   2122 |   2050 |     72 |      0 |   1732 |   3 |  707.3 |
               +--------+--------+--------+--------+--------+-----+--------+

Top non-repeatable levels by time:
     D:1: 937 daAuts
     D:2: 751 daAuts
     D:3: 433 daAuts
